 Dungeon Crawl Stone Soup version 0.16.1-2-g95b8d4c (webtiles) character file.

156 valak23 the Insei (level 5, 0/69 HPs)
             Began as a Draconian Monk on Mar 24, 2015.
             Succumbed to a scorpion's poison
             ... on level 3 of the Dungeon.
             The game lasted 00:03:20 (2256 turns).

valak23 the Insei (Draconian Monk)                  Turns: 2256, Time: 00:03:20

Health: 0/69       AC: 22    Str: 14    XL:     5   Next: 14%
Magic:  5/5        EV:  2    Int: 10    God:
Gold:   123        SH:  0    Dex: 19    Spells: 0 memorised, 4 levels left

rFire  . . .     SeeInvis .       - Unarmed
rCold  . . .     Clarity  .     (armour unavailable)
rNeg   + + +     SustAb   .     (no shield)
rPois  +         Gourm    .     (helmet currently unavailable)
rElec  .         Spirit   .     (cloak currently unavailable)
rCorr  .         Warding  .     (gloves currently unavailable)
rMut   .         NoTele   +     (boots currently unavailable)
MR     .....                    (no amulet)
Stlth  ++++......               h - ring of ice
                                g - ring of fire

@: agile, lethally poisoned (0 -> -17), tree-form, not resistant to hostile
enchantments, stealthy
A: unfitting armour, (cold-blooded), AC +5
a: no special abilities


You were on level 3 of the Dungeon.
You were not hungry.
You were a tree.
You visited 1 branch of the dungeon, and saw 3 of its levels.

You collected 123 gold pieces.

Inventory:

Jewellery
 g - a ring of fire (left branch)
 h - a ring of ice (right branch)
Scrolls
 a - a scroll of teleportation
 j - a scroll of noise {unknown}
 k - a scroll of blinking {unknown}
 l - a scroll of immolation {unknown}
 m - 3 scrolls of remove curse {unknown}
 p - 2 scrolls of identify
Potions
 f - a potion of degeneration {unknown}
 o - a potion of resistance {unknown}
 q - a potion of brilliance {unknown}
Books
 d - a book of Transfigurations

   Spells                             Type                      Level
   a - Stoneskin                      Transmutation/Earth          2
   b - Irradiate                      Conjuration/Transmutation    5
   c - Statue Form                    Transmutation/Earth          6
   d - Hydra Form                     Transmutation                6
   e - Dragon Form                    Transmutation                7
Comestibles
 b - a bread ration
 i - a slice of pizza
 n - a beef jerky


   Skills:
 + Level 3.8 Fighting
 + Level 3.8 Dodging
 + Level 2.4 Stealth
 * Level 5.1 Unarmed Combat


You had 4 spell levels left.
You didn't know any spells.

Dungeon Overview and Level Annotations

Branches:
Dungeon (3/15)

Altars:
Ashenzari


Innate Abilities, Weirdness & Mutations

((Your plain brown scales are hard (AC +5).))
Your body does not fit into most forms of armour.
((Your cold-blooded metabolism reacts poorly to cold.))


Message History

* * * LOW HITPOINT WARNING * * *
You feel sick. The scorpion stings you.
* * * LOW HITPOINT WARNING * * *
You are more poisoned.
The scorpion poisons you!
You hit the scorpion!
You kill the scorpion!
Your Unarmed Combat skill increases to level 5!
You have reached level 5!
* * * LOW HITPOINT WARNING * * *
You feel sick.
Drink which item? (? for menu, Esc to quit)
It was a potion of lignification.
You turn into a tree.
Your roots penetrate the ground.
* * * LOW HITPOINT WARNING * * *
You feel sick.
Drink which item? (? for menu, Esc to quit)
It was a potion of agility.
You feel agile all of a sudden.
You die...

###.#####..)##########
#.# ##..# #.######..#
#..(......#
########.## #.# #.#
#.# #♣# ............#
#####.#.#......
#.#.#..#### . ... .#
.. ... .# ## ... #
##.## #.. #.# #.#


There were no monsters in sight!

Vanquished Creatures
  A scorpion (D:3)
  3 adders
  2 worms
  An ooze (D:2)
  2 orcs (D:3)
  2 ball pythons
  5 bats
  A giant cockroach (D:1)
  13 goblins
  7 hobgoblins
  8 jackals
  A quokka (D:3)
  A giant gecko (D:1)
  2 giant newts
  A jackal zombie (D:3)
  5 kobolds
  6 rats
61 creatures vanquished.

Notes
Turn   | Place    | Note
--------------------------------------------------------------
     0 | D:1      | valak23, the Draconian Monk, began the quest for the Orb.
     0 | D:1      | Reached XP level 1. HP: 19/19 MP: 1/1
   101 | D:1      | Reached XP level 2. HP: 23/26 MP: 2/2
   565 | D:2      | Found a shattered altar of Ashenzari.
   572 | D:2      | Reached XP level 3. HP: 31/31 MP: 3/3
  1363 | D:2      | Reached XP level 4. HP: 27/40 MP: 4/4
  2254 | D:3      | Reached skill level 5 in Unarmed Combat
  2254 | D:3      | Reached XP level 5. HP: 4/46 MP: 5/5
  2254 | D:3      | HP: 2/46 [poisoned by a scorpion]
  2256 | D:3      | Succumbed to a scorpion's poison

Action                   |  1- 3 |  4- 6 || total
-------------------------+-------+-------++-------
Melee: Unarmed           |   140 |    72 ||   212
  Use: Scroll            |     2 |       ||     2
       Potion            |       |     2 ||     2
 Stab: Sleeping          |     3 |     2 ||     5
  Eat: Bread ration      |     1 |       ||     1
